 Dungeon Crawl Stone Soup version 0.30.0-19-g36f170ea60 (webtiles) character file.

Game seed: 702446019349729128

214995 RascalDebosk the Warrior (level 19, -8/169 HPs)
             Began as a Djinni Summoner on May 26, 2023.
             Was a High Priest of Ashenzari.
             Killed from afar by a shock serpent (14 damage)
             ... with a bolt of electricity
             ... on level 1 of the Snake Pit on May 28, 2023.
             The game lasted 06:49:44 (35716 turns).

RascalDebosk the Warrior (Djinni Summoner)         Turns: 35716, Time: 06:49:44

Health: -8/169     AC: 20    Str:  9    XL:     19   Next: 73%
Gold:   525        EV: 14    Int: 32    God:    Ashenzari [*****.] SH: 21 Dex: 21

rFire   + + .        w - +7 mace "Bound Together" {antimagic, rPois rF- rC+++ Dex+2, Self, Cun} (curse)
rCold   + + .        W - +3 kite shield {rF+}
rNeg    . . .        N - quicksilver dragon scales "Share My Fetters" {Will+ Regen+ Str+2 Dex+3, Self, Fort} (curse)
rPois   ∞            x - +1 hat of the Cursed Sky {Int+3, Melee, Self} (curse)
rElec   .            A - +2 cloak of Supernal Wisdom {Melee, Fort} (curse)
rCorr   .            Y - +2 pair of gloves of the Sublime Burden {Cun, Fort} (curse)
SInv    +            (boots unavailable)
Will    ++...        i - amulet "Eternal Loss" {Reflect SH+5, Fort, Self} (curse)
Stlth   +++++        a - ring "Behold Eternity" {Int+6, Melee, Self} (curse)
HPRegen 1.28/turn    k - ring "Tethered Together" {Wiz, Evo, Self} (curse)
MPRegen 0.00/turn

%: reflection, clarity, wizardry (x1), infuse magic (-9 HP)
@: death channelling, flying, studying Stealth
A: sickness immunity, fire resistance 2, cold vulnerability 1, float, innate
caster, HP casting, extra vitality 1
}: 1/15 runes: barnacled
a: Renounce Religion, Curse Item, Shatter the Chains


You were on level 1 of the Snake Pit.
You worshipped Ashenzari.
Ashenzari was extremely pleased with you.
You visited 6 branches of the dungeon, and saw 28 of its levels.
You also visited: Sewer, Ossuary, Bailey, Gauntlet and Volcano.

You collected 4131 gold pieces.
You spent 3606 gold pieces at shops.

Inventory:

Hand Weapons
 w - the cursed +7 mace "Bound Together" (weapon) {antimagic, rPois rF- rC+++ Dex+2, Self, Cun}
   (You found it on level 2 of the Shoals)

   Dex:       It affects your dexterity (+2).
   rF:        It makes you vulnerable to fire.
   rC:        It renders you almost immune to cold.
   rPois:     It protects you from poison.
   It has a curse which improves the following skills: Introspection: Fighting
   and Spellcasting.
   Cunning:   Dodging and Stealth.
 V - a +2 demon blade of electrocution
Missiles
 L - 4 throwing nets {@!f}
Armour
 s - the +9 scales of the Dragon King {rPois rF+ rC+ Will+}
   (You found it on level 1 of the Shoals)

   rF:        It protects you from fire.
   rC:        It protects you from cold.
   rPois:     It protects you from poison.
   Will:      It increases your willpower.
 x - the cursed +1 hat of the Cursed Sky (worn) {Int+3, Melee, Self}
   (You took it off Gastronok on level 3 of the Lair of Beasts)

   It has a curse which improves the following skills: Melee Combat: Short
   Blades, Long Blades, Axes, Maces & Flails, Polearms, Staves and Unarmed
   Combat.
   Introspection: Fighting and Spellcasting.
 A - the cursed +2 cloak of Supernal Wisdom (worn) {Melee, Fort}
   (You found it on level 5 of the Dungeon)

   It has a curse which improves the following skills: Melee Combat: Short
   Blades, Long Blades, Axes, Maces & Flails, Polearms, Staves and Unarmed
   Combat.
   Fortitude: Armour and Shields.
 N - the cursed quicksilver dragon scales "Share My Fetters" (worn) {Will+ Regen+ Str+2 Dex+3, Self, Fort}
   (You bought it in a shop on level 2 of the Orcish Mines)

   Str:       It affects your strength (+2).
   Dex:       It affects your dexterity (+3).
   Regen:     It increases your rate of health regeneration.
   Will:      It increases your willpower.
   It has a curse which improves the following skills: Introspection: Fighting
   and Spellcasting.
   Fortitude: Armour and Shields.
 W - a +3 kite shield of fire resistance (worn)
 Y - the cursed +2 pair of gloves of the Sublime Burden (worn) {Cun, Fort}
   (You found it on level 8 of the Dungeon)

   It has a curse which improves the following skills: Cunning: Dodging and
   Stealth.
   Fortitude: Armour and Shields.
Jewellery
 a - the cursed ring "Behold Eternity" (left hand) {Int+6, Melee, Self}
   (You found it on level 10 of the Dungeon)

   [ring of intelligence]

   Int:       It affects your intelligence (+6).
   It has a curse which improves the following skills: Melee Combat: Short
   Blades, Long Blades, Axes, Maces & Flails, Polearms, Staves and Unarmed
   Combat.
   Introspection: Fighting and Spellcasting.
 i - the cursed amulet "Eternal Loss" (around neck) {Reflect SH+5, Fort, Self}
   (You bought it in a shop on level 2 of the Orcish Mines)

   [amulet of reflection]

   It reflects blocked missile attacks.
   SH:        It affects your SH (+5).
   It has a curse which improves the following skills: Fortitude: Armour and
   Shields.
   Introspection: Fighting and Spellcasting.
 k - the cursed ring "Tethered Together" (right hand) {Wiz, Evo, Self}
   (You found it on level 1 of the Dungeon)

   [ring of wizardry]

   It improves your spell success rate.
   It has a curse which improves the following skills: Evocations: Evocations.
   Introspection: Fighting and Spellcasting.
 H - a +6 ring of dexterity
Wands
 h - a wand of mindburst (7)
 D - a wand of roots (26)
 I - a wand of charming (11)
 J - a wand of light (20)
 K - a wand of flame (25)
 Q - a wand of digging (3)
 T - a wand of polymorph (11)
Scrolls
 d - 3 scrolls of butterflies
 e - 8 scrolls of fear
 f - 2 scrolls of fog
 j - 5 scrolls of noise
 n - 5 scrolls of immolation
 t - 10 scrolls of teleportation
 u - 4 scrolls of brand weapon
 E - a scroll of silence
 G - 5 scrolls of vulnerability
 O - 4 scrolls of magic mapping
 R - 3 scrolls of poison
Potions
 b - 2 potions of ambrosia
 c - 8 potions of might
 l - 6 potions of lignification
 m - 2 potions of invisibility
 o - a potion of cancellation
 p - 5 potions of brilliance
 q - 12 potions of mutation
 v - 2 potions of resistance
 y - 5 potions of attraction
 z - 11 potions of curing
 M - 2 potions of haste
 Z - a potion of berserk rage
Miscellaneous
 r - a piece from Xom's chessboard (15/15)
 B - a box of beasts
 C - a lightning rod (4/4)
 F - a phial of floods
 S - a phantom mirror
 U - a tin of tremorstones (2/2)


   Skills:
 * Level 19.0(25.4) Fighting
 - Level 9.0(13.6) Short Blades
 - Level 5.7(11.3) Long Blades
 + Level 4.7(8.6) Maces & Flails
 - Level 4.0(8.4) Armour
 - Level 6.8(10.0) Dodging
 + Level 10.6(13.7) Stealth
 - Level 4.9(9.6) Shields
 * Level 16.8(23.4) Spellcasting
 - Level 6.4(8.6) Evocations


You knew the following spells:

 Your Spells              Type           Power      Damage    Failure   Level
a - Summon Small Mammal   Summ           100%       N/A       0%          1
b - Call Imp              Summ           100%       N/A       0%          2
c - Call Canine Familiar  Summ           100%       N/A       0%          3
d - Summon Guardian Gole  Hex/Summ       100%       N/A       0%          3
e - Summon Lightning Spi  Summ/Air       100%       N/A       0%          4
f - Necrotise             Necr           100%       1d9       0%          1
g - Scorch                Fire           100%       2d9       0%          2
h - Searing Ray           Conj           100%       2d8       0%          2
i - Petrify               Tmut/Erth      100%       N/A       0%          4
j - Iskenderun's Mystic   Conj/Tloc      100%       2d19      0%          4
k - Freezing Cloud        Conj/Ice/Air   56%        6-21      0%          5
l - Dispersal             Tloc           56%        N/A       1%          6
m - Death Channel         Necr           56%        N/A       1%          6
n - Monstrous Menagerie   Summ           56%        N/A       1%          7
Your spell library was empty.

Dungeon Overview and Level Annotations

Branches:
Dungeon (15/15)            Temple (1/1) D:7            Lair (5/5) D:8
 Shoals (4/4) Lair:3        Snake (1/4) Lair:2        Slime (0/5) Lair:4
    Orc (2/2) D:11            Elf (0/3) Orc:2        Vaults (0/5) D:13
 Depths (0/4) D:15          Sewer (visited)         Ossuary (visited)
 Bailey (visited)         Volcano (visited)         Gauntlet (visited)

Altars:
Ashenzari
Cheibriados
Dithmenos
Elyvilon
Fedhas
Gozag
Hepliaklqana
Makhleb
Nemelex Xobeh
Okawaru
Qazlal
Ru
Trog
Uskayaw
Wu Jian
Xom
Yredelemnul
Zin
The Shining One
Jiyva

Shops:
D:6 *   D:11 (   D:15 !(:   Orc:2 [=?[?[([   Shoals:2 (   Shoals:3 ?
Snake:1 ::=

Portals:
Trove: D:14 (give 14 potions of heal wounds)

Annotations:
Lair:4 1 runed translucent door, runemage's ghost, journeyman GnFi
Shoals:4 3 runed translucent doors, Jackthecabe's ghost, adept VSBr


Innate Abilities, Weirdness & Mutations

You are immune to sickness and miasma.
You are immune to poison.
Your flesh is very heat resistant. (rF++)
You are vulnerable to cold. (rC-)
You float through the air rather than walking.
You learn spells naturally, not from books.
Your magical power is your life essence.
You have superior vitality. (+4 MHP)


Message History

Confirm with . or Enter, or press ? or * to list all spells.
Aiming: Freezing Cloud (safe; 0% risk of failure)
Press: ? - help, Dir - move target, f - naga
Aim: a naga, wielding a +0 mace (catching its breath) That beam is likely to hit you.
Continue anyway?
You are engulfed in freezing vapours.
You resist.
The naga is engulfed in freezing vapours.
Casting: Freezing Cloud (safe; 0% risk of failure)
Confirm with . or Enter, or press ? or * to list all spells.
An electric hum fills the air.
You start waiting.
Your lightning spire disappears in a puff of smoke!
You sense a monster nearby.
Casting: Summon Lightning Spire (safe; 0% risk of failure)
Confirm with . or Enter, or press ? or * to list all spells.
An electric hum fills the air.
Your lightning spire disappears in a puff of smoke!
Casting: Summon Lightning Spire (safe; 0% risk of failure)
Confirm with . or Enter, or press ? or * to list all spells.
An electric hum fills the air.
Casting: Summon Lightning Spire (safe; 0% risk of failure)
Confirm with . or Enter, or press ? or * to list all spells.
An electric hum fills the air.
Your lightning spire disappears in a puff of smoke!
The shock serpent shoots out a bolt of lightning at you!
The bolt of electricity hits you!
Casting: Summon Lightning Spire (safe; 0% risk of failure)
Confirm with . or Enter, or press ? or * to list all spells.
You summon a sphinx!
The shock serpent shoots out a bolt of lightning at you!
The bolt of electricity hits you!!
Casting: Monstrous Menagerie (mildly dangerous; 1% risk of failure)
Confirm with . or Enter, or press ? or * to list all spells.
A guardian golem appears, shielding your allies.
The naga hits your lightning spire with a +0 mace!
The naga grabs your lightning spire.
The naga constricts your lightning spire.
You hit the shock serpent.
The shock serpent is lightly wounded.
You block the shock serpent's attack.
Your sphinx mumbles some strange words.
The shock serpent is smitten.
The naga hits your lightning spire with a +0 mace.
The naga constricts your lightning spire.
You sock the shock serpent!
The shock serpent is moderately wounded.
The shock serpent's electric aura discharges, shocking you!
The shock serpent completely misses you.
The naga hits your lightning spire with a +0 mace.
The naga constricts your lightning spire.
You block the shock serpent's attack.
You thump the shock serpent!
The shock serpent is heavily wounded.
You block the shock serpent's attack.
The naga hits your lightning spire with a +0 mace.
The naga constricts your lightning spire.
Your lightning spire shoots out a bolt of lightning at the naga!
The bolt of electricity hits the naga!!
The naga dies!
You block the shock serpent's attack.
You hit the shock serpent.
The shock serpent is heavily wounded.
The shock serpent bites you! The shock serpent shocks you!
You hit the shock serpent but do no damage.
The shock serpent is heavily wounded.
The shock serpent misses you. You block the shock serpent's attack.
You sock the shock serpent!
The shock serpent is severely wounded.
The shock serpent's electric aura discharges, shocking you!
Your lightning spire disappears in a puff of smoke!
The shock serpent bites you. The shock serpent shocks you!
* * * LOW HITPOINT WARNING * * *
The shock serpent shoots out a bolt of lightning at you!
The bolt of electricity misses you. The bolt of electricity hits you!
* * * LOW HITPOINT WARNING * * *
You sock the shock serpent!
The shock serpent is almost dead.
The shock serpent's electric aura discharges, shocking you!
* * * LOW HITPOINT WARNING * * *
The shock serpent closely misses you. You block the shock serpent's attack.
You barely miss the shock serpent.
The shock serpent is severely wounded.
The shock serpent shoots out a bolt of lightning at you!
The bolt of electricity hits you!
* * * LOW HITPOINT WARNING * * *
The bolt of electricity misses you.
You hit the shock serpent.
The shock serpent is almost dead.
The shock serpent misses you.
The shock serpent shoots out a bolt of lightning at you!
The bolt of electricity hits you!!
* * * LOW HITPOINT WARNING * * *
The bolt of electricity hits you!!
* * * LOW HITPOINT WARNING * * *
Blink to where?
Press: ? - help, Dir - move target
As you read the scroll of blinking, it crumbles to dust.
The shock serpent shoots out a bolt of lightning at you!
The bolt of electricity hits you!
You die...

...Z†{#*
*,#.........#
#.....
⌠...⌠.# ,
#####.#####
######
...§..#** ,
*#.# ####
.[⌠..)# #.#
#... ......#
,, , #.# #...
.###...* ,, ,
#.# #... #
##.. *.. *
*#.# #### ***
, #.* #.# ,
,, #. #@# ,
*,, #.#####.#
, , #......#
, ,#......#
,,, ,
#......# ,
,*, ,#......#
,, ,
####S######
,, ,,#.H9§# *
* ####.#


You could see a shock serpent (ally target) and a friendly guardian golem
(summoned).

Vanquished Creatures
  Asterion (Snake:1)
  Rupert (Lair:3)
  Gastronok (Lair:3)
  Louise (Snake:1)
  A stone giant (Volcano)
  Nessos (Lair:3)
  6 merfolk impalers
  5 merfolk javelineers
  Erolcha (Orc:2)
  2 hydras (Lair:5)
  A catoblepas (Lair:5)
  An anaconda (Lair:5)
  3 merfolk aquamancers
  6 centaur warriors
  A deep troll shaman (Lair:5)
  3 two-headed ogres
  2 satyrs
  8 death yaks (Lair:5)
  A naga warrior (Snake:1)
  3 boulder beetles
  2 sun demons (Shoals:4)
  Sonja (D:11)
  2 skysharks
  The ghost of rundlesten the Cleaver, a novice MiBe of Trog (D:7)
  9 sea snakes
  7 harpies
  3 deep elf pyromancers (D:13)
  An orc knight (Orc:1)
  A deep elf archer (D:13)
  A deep elf zephyrmancer (D:13)
  A wizard (D:15)
  7 orc sorcerers
  6 fauns
  9 manticores
  3 ugly things (D:15)
  A cyclops (Orc:2)
  5 merfolk sirens
  6 elephants
  6 black mambas
  8 cane toads
  4 water nymphs
  A molten gargoyle (D:14)
  A naga mage (Snake:1)
  2 gargoyles (Volcano)
  A centaur skeleton (D:13)
  4 komodo dragons
  2 yaktaurs (D:12)
  An efreet (Volcano)
  A rime drake (Lair:4)
  A tengu conjurer (D:13)
  18 merfolk
  2 trolls (D:11)
  3 wind drakes
  A hornet (D:10)
  6 dream sheep (Lair:3)
  13 blink frogs
  6 snapping turtles
  A water elemental (Shoals:1)
  3 wraiths (Orc:2)
  3 fire elementals
  4 basilisks
  A human (Bailey)
  37 yaks
  2 steam dragons (D:8)
  A warg (Orc:2)
  5 nagas (Snake:1)
  14 water moccasins
  2 hell hounds (Lair:4)
  3 black bears
  14 orc warriors
  2 sky beasts
  2 ogres (Orc:1)
  13 wolves
  9 centaurs
  A kobold brigand (D:13)
  6 bullfrogs
  5 killer bees
  A vampire bat (D:12)
  2 electric eels
  A lava snake (D:14)
  A centaur zombie (Ossuary)
  2 jellies
  9 orc priests
  A sleepcap (D:6)
  17 orc wizards
  2 mummies (Ossuary)
  5 gnolls
  A river rat (Sewer)
  3 adders
  A dart slug (D:2)
  27 orcs
  3 bat skeletons (D:12)
  3 bat zombies (D:12)
  An endoplasm (D:3)
  A giant cockroach (D:4)
  2 hobgoblins
  3 jackals
  8 kobolds
  4 quokkas
  3 ball pythons
  A bat (D:1)
  3 rats (Sewer)
429 creatures vanquished.

Vanquished Creatures (collateral kills)
  Roxanne (Shoals:4)
  Ilsuiw (Shoals:2)
  Aizul (Snake:1)
  The ghost of sampeng1 the Fighter, a journeyman DrBe of Trog (Shoals:1)
  2 merfolk javelineers (Shoals:4)
  Josephine (Orc:2)
  3 hydras
  4 merfolk impalers
  2 ice dragons (D:15)
  A catoblepas (D:15)
  A merfolk avatar (Shoals:4)
  9 centaur warriors
  2 merfolk aquamancers (Shoals:3)
  A naga warrior (Snake:1)
  2 boulder beetles
  A two-headed ogre (D:10)
  A satyr (Shoals:3)
  An orc high priest (Orc:2)
  A dancing weapon (Shoals:1)
  Urug (D:11)
  A naga sharpshooter (Snake:1)
  A shock serpent (Snake:1)
  2 deep elf knights (D:13)
  A skeletal warrior (D:13)
  A sun demon (Shoals:4)
  Lodul (D:14)
  8 sea snakes
  2 naga ritualists (Snake:1)
  2 sun moths (Shoals:4)
  4 slime creatures
  Pikel (D:5)
  9 harpies
  3 orc sorcerers (Orc:2)
  A deep elf zephyrmancer (D:13)
  An orc knight (D:13)
  5 fauns
  9 ugly things
  3 mana vipers (Snake:1)
  A deep elf pyromancer (D:13)
  6 manticores
  4 cyclopes
  3 merfolk sirens
  2 salamanders (Snake:1)
  9 elephants
  A guardian serpent (Snake:1)
  2 water nymphs (Shoals:2)
  A naga mage (Snake:1)
  A torpor snail (Lair:4)
  6 black mambas (Snake:1)
  3 centaur skeletons (D:13)
  2 cane toads (Lair:3)
  2 komodo dragons
  2 kobold demonologists
  2 rime drakes
  A yaktaur (D:12)
  A polar bear (Lair:5)
  2 trolls
  13 merfolk
  2 hornets
  17 blink frogs
  A dream sheep (Lair:3)
  5 wind drakes
  Grinder (D:6)
  5 snapping turtles
  Sigmund (D:6)
  A shadow (D:12)
  2 wraiths
  A basilisk (Lair:5)
  A human (Bailey)
  19 yaks
  A wyvern (D:9)
  A steam dragon (D:9)
  3 wargs
  6 nagas (Snake:1)
  4 acid dragons
  6 water moccasins
  13 orc warriors
  2 sky beasts (D:7)
  A black bear (Lair:5)
  4 ice beasts
  7 ogres
  5 wolves
  10 centaurs
  2 elf zombies (D:4)
  A phantom (D:6)
  2 lemures (D:5)
  4 kobold brigands
  9 bullfrogs
  A gnoll sergeant (D:11)
  4 scorpions
  Dowan (D:5)
  5 killer bees
  3 howler monkeys
  The ghost of Liamsmithers the Firebug, a weakling DgFE (D:3)
  3 lava snakes (D:14)
  2 centaur zombies (Ossuary)
  3 hounds (D:5)
  A jelly (D:6)
  2 gnoll boudas
  2 human zombies (D:4)
  4 orc priests
  2 iguanas
  A human skeleton (D:4)
  25 orc wizards
  3 mummies (Ossuary)
  4 adders
  11 gnolls
  5 river rats (Sewer)
  3 dart slugs
  55 orcs
  8 endoplasms
  4 giant cockroaches
  10 goblins
  4 hobgoblins
  6 jackals
  6 quokkas
  8 ball pythons
  6 bats
  A frilled lizard (D:1)
  3 hobgoblin zombies (Ossuary)
  25 kobolds
  An orc zombie (D:4)
  20 rats
536 creatures vanquished.

Vanquished Creatures (others)
  Frances (D:12)
  2 vault guards (Bailey)
  A hydra (Lair:3)
  An alligator snapping turtle (Shoals:4)
  Erica (Orc:1)
  A skyshark (Lair:2)
  A sea snake (Shoals:4)
  An ugly thing (D:15)
  A faun (Shoals:2)
  3 manticores
  2 merfolk sirens
  A komodo dragon (Lair:3)
  A merfolk (Shoals:4)
  A troll (D:10)
  Prince Ribbit (Bailey)
  A snapping turtle (Shoals:4)
  4 yaks
  A wraith (Orc:2)
  A steam dragon (D:8)
  A human (Bailey)
  Duvessa (D:5)
  2 orc warriors
  A wolf (Lair:3)
  2 orc priests
  An orc wizard (D:11)
  A gnoll (D:6)
35 creatures vanquished.

Grand Total: 1000 creatures vanquished

Notes
Turn   | Place    | Note
-------+----------+-------------------------------------------
     0 | D:1      | RascalDebosk the Djinni Summoner began the quest for the
                  | Orb.
     0 | D:1      | RascalDebosk set off with the following spells memorised:
                  | Summon Small Mammal, Call Imp, Call Canine Familiar, Summon
                  | Guardian Golem, Summon Lightning Spire.
     0 | D:1      | Reached XP level 1. HP: 15/15 MP: 0/0
   112 | D:1      | Reached XP level 2. HP: 11/21 MP: 0/0
   585 | D:2      | Reached XP level 3. HP: 25/25 MP: 0/0
   585 | D:2      | Learned a level 1 spell: Necrotise
   611 | D:2      | Reached XP level 4. HP: 13/31 MP: 0/0
  1511 | D:3      | Found a faded altar of an unknown god.
  1521 | D:3      | Reached XP level 5. HP: 34/36 MP: 0/0
  1521 | D:3      | Learned a level 2 spell: Scorch
  1809 | D:3      | Found a runed translucent gate.
  1809 | D:3      | Identified the +1 whip "Joedyiw" {freeze, rPois}
  1810 | D:3      | Found a runed translucent gate.
  1810 | D:3      | Noticed Liamsmithers's ghost (weakling DgFE)
  1811 | D:3      | Found a runed translucent gate.
  1845 | D:3      | Killed Liamsmithers's ghost
  1846 | D:3      | Reached skill level 1 in Fighting
  1846 | D:3      | Reached skill level 1 in Armour
  1956 | D:3      | Found a glowing drain.
  1977 | Sewer    | Entered a sewer
  2268 | Sewer    | Reached XP level 6. HP: 29/43 MP: 0/0
  2371 | Sewer    | Reached skill level 2 in Fighting
  2457 | Sewer    | Reached skill level 5 in Spellcasting
  3156 | D:3      | Found a broken altar of Ashenzari.
  3160 | D:3      | Became a worshipper of Ashenzari the Shackled
  3443 | D:4      | Found a sand-covered staircase.
  3506 | Ossuary  | Entered an ossuary
  3516 | Ossuary  | Reached skill level 3 in Fighting
  3516 | Ossuary  | Reached XP level 7. HP: 11/50 MP: 0/0
  3516 | Ossuary  | Learned a level 2 spell: Searing Ray
  3813 | D:4      | Reached skill level 4 in Fighting
  4137 | D:4      | Found a basalt altar of Yredelemnul.
  4499 | D:4      | Reached XP level 8. HP: 49/58 MP: 0/0
  4587 | D:4      | Found a white marble altar of Elyvilon.
  5085 | D:5      | Entered Level 5 of the Dungeon
  5537 | D:5      | Noticed Dowan
  5540 | D:5      | Noticed Duvessa
  5541 | D:5      | Killed Dowan
  5544 | D:5      | Reached skill level 5 in Fighting
  5559 | D:5      | Killed Duvessa
  5735 | D:5      | Noticed a hornet
  5739 | D:5      | Killed a hornet
  5740 | D:5      | Reached XP level 9. HP: 62/67 MP: 0/0
  5740 | D:5      | Learned a level 4 spell: Petrify
  5745 | D:5      | Reached skill level 6 in Fighting
  5962 | D:5      | Noticed Pikel
  5966 | D:5      | Reached skill level 1 in Evocations
  5977 | D:5      | Killed Pikel
  6193 | D:6      | Reached skill level 7 in Fighting
  6332 | D:6      | Found Gigrit's Gadget Gallery.
  6841 | D:6      | Reached XP level 10. HP: 72/76 MP: 0/0
  6841 | D:6      | Noticed Sigmund
  6845 | D:6      | Killed Sigmund
  6926 | D:6      | Noticed Grinder
  6936 | D:6      | Killed Grinder
  6937 | D:6      | Reached skill level 8 in Fighting
  7395 | D:7      | Reached skill level 1 in Short Blades
  7575 | D:7      | Found a staircase to the Ecumenical Temple.
  7592 | D:7      | Found a runed translucent door.
  7593 | D:7      | Noticed rundlesten's ghost (novice MiBe)
  7869 | Temple   | Entered the Ecumenical Temple
  8117 | D:8      | Found a staircase to the Lair.
  8118 | D:8      | Noticed a komodo dragon
  8131 | D:8      | Killed a komodo dragon
  8370 | D:8      | Found Meoqyar's Distillery.
  8378 | D:8      | Bought a potion of ambrosia for 88 gold pieces
  8378 | D:8      | Bought a potion of curing for 33 gold pieces
  8378 | D:8      | Bought a potion of lignification for 33 gold pieces
  8378 | D:8      | Bought a potion of might for 44 gold pieces
  8378 | D:8      | Bought a potion of mutation for 88 gold pieces
  8912 | D:9      | Reached skill level 9 in Fighting
  8999 | D:9      | Found a flagged portal.
  9046 | Bailey   | Entered a bailey
  9246 | Bailey   | Noticed a vault guard
  9256 | Bailey   | Killed a vault guard
  9257 | Bailey   | Reached XP level 11. HP: 37/85 MP: 0/0
  9257 | Bailey   | Learned a level 4 spell: Iskenderun's Mystic Blast
  9415 | Bailey   | Noticed a vault guard
  9415 | Bailey   | Noticed Prince Ribbit
  9429 | Bailey   | Killed Prince Ribbit
  9435 | Bailey   | Killed a vault guard
  9888 | D:9      | Found a hazy altar of Hepliaklqana.
 10404 | D:9      | Reached skill level 10 in Fighting
 11313 | D:10     | Entered Level 10 of the Dungeon
 11318 | D:10     | Reached * piety under Ashenzari
 11318 | D:10     | Identified 2 scrolls of acquirement
 11319 | D:10     | Acquired a manual of Spellcasting
 11321 | D:10     | Acquired 1199 gold pieces
 11458 | D:6      | Bought a box of beasts for 480 gold pieces
 11458 | D:6      | Bought a wand of digging (3) for 151 gold pieces
 11458 | D:6      | Bought a lightning rod (4/4) for 360 gold pieces
 11458 | D:6      | Bought a phantom mirror for 480 gold pieces
 11611 | D:10     | Noticed a two-headed ogre
 11617 | D:10     | Killed a two-headed ogre
 11618 | D:10     | Reached skill level 5 in Dodging
 12176 | D:10     | Reached XP level 12. HP: 87/94 MP: 0/0
 12766 | D:11     | Reached skill level 10 in Spellcasting
 12850 | D:11     | Noticed Sonja
 12873 | D:11     | Killed Sonja
 12874 | D:11     | Reached skill level 11 in Fighting
 12874 | D:11     | Reached skill level 5 in Stealth
 12891 | D:11     | Noticed Urug
 12905 | D:11     | Killed Urug
 12973 | D:11     | Found a staircase to the Orcish Mines.
 12973 | D:11     | Found Xache's Weapon Boutique.
 13173 | D:11     | You are sucked into a shaft and drop 3 floors!
 13286 | D:14     | Noticed a centaur warrior
 13296 | D:14     | Killed a centaur warrior
 13343 | D:14     | Noticed a centaur warrior
 13352 | D:14     | Killed a centaur warrior
 13500 | D:14     | Noticed a boulder beetle
 13510 | D:14     | Killed a boulder beetle
 13581 | D:14     | Noticed Lodul
 13582 | D:14     | Reached skill level 5 in Short Blades
 13592 | D:14     | Killed Lodul
 13668 | D:14     | Noticed a centaur warrior
 13679 | D:14     | Killed a centaur warrior
 13726 | D:14     | Reached ** piety under Ashenzari
 14044 | D:14     | Noticed a centaur warrior
 14050 | D:14     | Killed a centaur warrior
 14051 | D:14     | Reached XP level 13. HP: 70/102 MP: 0/0
 14051 | D:14     | Learned a level 5 spell: Freezing Cloud
 14229 | D:14     | Found a portal to a secret trove of treasure.
 14443 | D:13     | Reached skill level 12 in Fighting
 14503 | D:13     | Noticed a centaur warrior
 14507 | D:13     | Killed a centaur warrior
 14743 | D:13     | Found a gate to the Vaults.
 14812 | D:13     | Noticed a centaur warrior
 14848 | D:13     | Killed a centaur warrior
 14906 | D:13     | Noticed a centaur warrior
 14912 | D:13     | Killed a centaur warrior
 15009 | D:13     | Noticed a centaur warrior
 15016 | D:13     | Killed a centaur warrior
 15092 | D:13     | Reached *** piety under Ashenzari
 15174 | D:13     | Noticed a centaur warrior
 15178 | D:13     | Killed a centaur warrior
 15190 | D:13     | Reached skill level 13 in Fighting
 15567 | D:13     | Noticed a centaur warrior
 15568 | D:13     | Noticed a centaur warrior
 15754 | D:13     | Identified the +9 war axe of Beogh's Scorn {flame, rN+
                  | Dex+6}
 15769 | D:13     | Killed a centaur warrior
 15770 | D:13     | Reached XP level 14. HP: 27/114 MP: 0/0
 15855 | D:13     | Identified the +7 short sword "Grim Tooth" {holy, rElec}
 16201 | D:13     | Identified the +5 chain mail of Ru's Regard {rPois Int+3}
 16213 | D:13     | Identified the +0 dagger "Qesch" {heavy, rElec rPois rC+}
 16283 | D:13     | Found an iron altar of Okawaru.
 16511 | D:12     | Found a gate leading to a gauntlet.
 16520 | Gauntlet | Entered a Gauntlet
 16520 | Gauntlet | Found a transporter.
 16520 | Gauntlet | Found a transporter.
 16525 | Gauntlet | Found a transporter.
 16540 | Gauntlet | Found a transporter.
 16554 | Gauntlet | Found a transporter.
 16554 | Gauntlet | Identified the +0 helmet of Vehumet's Hatred {rF- rC+++
                  | Str-2 Int+3}
 16567 | Gauntlet | Found a transporter.
 16583 | Gauntlet | Found a transporter.
 16654 | Gauntlet | Identified the Folio of the Throng and the Crater
 16655 | Gauntlet | Found a transporter.
 16664 | Gauntlet | Found a transporter.
 16666 | Gauntlet | Identified the amulet "Qiloggar" {Acrobat Dex+5}
 16677 | Gauntlet | Noticed a quicksilver ooze
 16678 | Gauntlet | Found a transporter.
 16691 | Gauntlet | Found a transporter.
 16708 | Gauntlet | Found a transporter.
 16708 | Gauntlet | Identified the +1 hat of True Grit {rF++}
 16775 | Gauntlet | Found a transporter.
 16783 | Gauntlet | Found a transporter.
 16787 | Gauntlet | Found a transporter.
 16787 | Gauntlet | Found a transporter.
 16795 | Gauntlet | Identified the +0 pair of gloves of the Slightly Bent {Fly
                  | rN+++ Stlth-}
 16798 | Gauntlet | Identified the +2 pair of boots "Daajopp" {rPois rCorr
                  | Int-3 Dex+2}
 16927 | D:12     | Noticed Frances
 16946 | D:12     | Killed Frances
 17679 | D:12     | Reached skill level 5 in Evocations
 17709 | D:12     | Identified the ring of the Sparrow {Fly rF+ MP+9}
 18700 | Orc:1    | Entered Level 1 of the Orcish Mines
 18710 | Orc:1    | Noticed Erica
 18715 | Orc:1    | Killed Erica
 18803 | Orc:1    | Reached skill level 14 in Fighting
 19018 | Orc:1    | You are sucked into a shaft and drop 1 floor!
 19018 | Orc:2    | Entered Level 2 of the Orcish Mines
 19018 | Orc:2    | Found Onawno's Armour Emporium.
 19039 | Orc:2    | Found Ulined's Weapon Shop.
 19199 | Orc:2    | Noticed Josephine
 19209 | Orc:2    | Killed Josephine
 19447 | Orc:2    | Found Ybudiaz's Antique Armour Shoppe.
 19513 | Orc:2    | Found Ososait's Magic Scroll Emporium.
 19594 | Orc:2    | Found a staircase to the Elven Halls.
 19871 | Orc:2    | Reached XP level 15. HP: 62/121 MP: 0/0
 19871 | Orc:2    | Learned a level 6 spell: Dispersal
 19899 | Orc:2    | Noticed Erolcha
 19923 | Orc:2    | Killed Erolcha
 20335 | Orc:2    | Found Iniengil's Antique Armour Shop.
 20377 | Orc:2    | Found Lose's Magic Scroll Boutique.
 20378 | Orc:2    | Found Tosuqak's Jewellery Shop.
 20399 | Orc:2    | Found Veyq's Antique Armour Shop.
 20657 | D:7      | Killed rundlesten's ghost
 20863 | Lair:1   | Entered Level 1 of the Lair of Beasts
 22298 | Lair:2   | Identified the +1 leather armour of the Spider Nest {rF+
                  | rC+ Dex-3 SInv}
 22568 | Lair:2   | Reached skill level 15 in Fighting
 23101 | Orc:2    | Bought the quicksilver dragon scales of Leapfrog {Will+
                  | Regen+ Str+2 Dex+3} for 1317 gold pieces
 23296 | Lair:2   | Found a staircase to the Snake Pit.
 23390 | Lair:2   | Reached **** piety under Ashenzari
 23839 | Lair:3   | Found a staircase to the Shoals.
 23961 | Lair:3   | Noticed Gastronok
 23972 | Lair:3   | Killed Gastronok
 24082 | Lair:3   | Noticed Rupert
 24089 | Lair:3   | Paralysed by Rupert for 2 turns
 24095 | Lair:3   | Killed Rupert
 24626 | Lair:3   | Noticed Nessos
 24636 | Lair:3   | Killed Nessos
 24643 | Lair:3   | Reached XP level 16. HP: 113/137 MP: 0/0
 25098 | Lair:4   | Noticed runemage's ghost (journeyman GnFi)
 25109 | Lair:4   | Found a dark tunnel.
 25118 | Volcano  | Entered a volcano
 25565 | Lair:4   | Reached skill level 16 in Fighting
 25599 | Lair:4   | Found a staircase to the Slime Pits.
 25599 | Lair:4   | Found a viscous altar of Jiyva.
 25738 | Lair:4   | Reached skill level 1 in Long Blades
 25745 | Lair:4   | Identified the Precepts of the Fulmar
 25769 | Lair:4   | Reached skill level 1 in Shields
 25880 | Lair:4   | Found a runed translucent door.
 26189 | Lair:5   | Entered Level 5 of the Lair of Beasts
 26250 | Lair:5   | Reached skill level 15 in Spellcasting
 27121 | Lair:5   | Reached XP level 17. HP: 145/145 MP: 0/0
 27121 | Lair:5   | Learned a level 6 spell: Death Channel
 27930 | D:15     | Entered Level 15 of the Dungeon
 27930 | D:15     | Found Ahauz's Weapon Boutique.
 28015 | D:15     | Found Paniur's Distillery.
 28157 | D:15     | Found a staircase to the Depths.
 28431 | D:15     | Reached skill level 5 in Long Blades
 28470 | D:15     | Identified the +11 flail of Ucaxy {protect, rC+ Int+4}
 28564 | D:15     | Reached skill level 17 in Fighting
 28577 | D:15     | Reached XP level 18. HP: 148/153 MP: 0/0
 28823 | D:15     | Found Nullaih's Book Shoppe.
 29241 | Orc:2    | Bought an amulet of reflection for 420 gold pieces
 29478 | Shoals:1 | Entered Level 1 of the Shoals
 30057 | Shoals:1 | Found a runed translucent door.
 30063 | Shoals:1 | Found a shimmering altar of Xom.
 30063 | Shoals:1 | Noticed sampeng1's ghost (journeyman DrBe)
 30063 | Shoals:1 | Identified the +6 great mace "Maozotsex" {protect, rElec
                  | Str-2 Int+3 Dex+3}
 30063 | Shoals:1 | Found the +9 scales of the Dragon King {rPois rF+ rC+
                  | Will+}
 30480 | Shoals:1 | Killed sampeng1's ghost
 30670 | Shoals:2 | Identified the +7 mace of Mourning {antimagic, rPois rF-
                  | rC+++ Dex+2}
 30969 | Shoals:2 | Reached skill level 1 in Maces & Flails
 31027 | Shoals:2 | Noticed Ilsuiw
 31050 | Shoals:2 | Killed Ilsuiw
 31397 | Shoals:2 | Found Kegoacah's Firing Range.
 32344 | Shoals:3 | Found Zotyra Onaa's Magic Scroll Shoppe.
 32352 | Shoals:3 | Bought a scroll of blinking for 112 gold pieces
 32436 | Shoals:3 | Reached ***** piety under Ashenzari
 32631 | Shoals:3 | Reached skill level 18 in Fighting
 32971 | Shoals:4 | Entered Level 4 of the Shoals
 33085 | Shoals:4 | Found a runed translucent gate.
 33175 | Shoals:4 | Found a runed translucent gate.
 33175 | Shoals:4 | Found a runed translucent gate.
 33180 | Shoals:4 | Noticed Jackthecabe's ghost (adept VSBr)
 33323 | Shoals:4 | Reached XP level 19. HP: 157/166 MP: 0/0
 33323 | Shoals:4 | Learned a level 7 spell: Monstrous Menagerie
 33426 | Shoals:4 | Noticed Roxanne
 33694 | Shoals:4 | Killed Roxanne
 33941 | Shoals:4 | Got a barnacled rune of Zot
 34315 | Shoals:4 | Identified the Textbook on Transposed Jinxing
 34336 | Shoals:4 | Reached skill level 10 in Stealth
 34421 | Shoals:4 | Found the +6 arbalest "Damnation" {damnation}
 34833 | Snake:1  | Entered Level 1 of the Snake Pit
 34841 | Snake:1  | Noticed Asterion
 34852 | Snake:1  | Killed Asterion
 34892 | Snake:1  | Noticed Louise
 34910 | Snake:1  | Killed Louise
 35127 | Snake:1  | Noticed Aizul
 35140 | Snake:1  | Killed Aizul
 35223 | Snake:1  | Found Ties's Book Boutique.
 35346 | Snake:1  | Found Rohom's Jewellery Shoppe.
 35349 | Snake:1  | Found Zuanlo Vott's Book Boutique.
 35508 | Snake:1  | Reached skill level 19 in Fighting
 35715 | Snake:1  | HP: 4/169 [shock serpent/bolt of electricity (27)]
 35716 | Snake:1  | Killed from afar by a shock serpent

Illustrated notes

Levels and vault maps discovered:
D:1:      lightli_molten_gateway, layout_rooms
D:2:      layout_basic
D:3:      layout_basic, mainiacjoe_overflow_big_doors,
          biasface_ghost_orc_armoury, ebering_ecumenical_altar_rust,
          portal_sewer_entry_f, kennysheep_generic_room_12
D:4:      layout_loops_cross, kennysheep_ying_yang,
          nicolae_ossuary_entry_catacombs, serial_co_window_serial,
          co_window_corner_a, co_window_paths_a, co_window_of_opportunity_a,
          co_window_of_opportunity_a, co_window_corner_a, co_window_corner_a,
          co_window_paths_a, co_window_unsneaky_path_d,
          co_window_unsneaky_path_e, co_window_corner_b, co_window_corner_cb,
          co_window_corner_cb, glass_columns_a
D:5:      layout_basic, uniq_pikel, uniq_duvessa
D:6:      layout_loops_ring, nicolae_shop_gadgets, uniq_sigmund, uniq_grinder
D:7:      layout_cave_pools, minmay_temple_entry_junction_2,
          gammafunk_ghost_grave, nicolae_sextant
D:8:      layout_basic, david_lair_shrubbed, serial_shops, nicolae_shop_stone
D:9:      layout_grid_maze, mainiacjoe_overflow_alcove_2, enter_bailey_5,
          chequers_serial_rivers_small_3
D:10:     layout_basic
D:11:     layout_roguey, orc_david_3, uniq_urug, uniq_sonja
D:12:     layout_loops_corners, gauntlet_entry_generic,
          kennysheep_vampire_church, uniq_frances
D:13:     evilmike_iron_armoury, layout_basic,
          hangedman_vaults_entry_quadrant_bands, amcnicky_mini_corridor_feature
D:14:     erik_rubicon_a, layout_loops_ring, minmay_holes,
          nicolae_trove_entry_diagonal, uniq_lodul
D:15:     grunt_enter_depths_hoard, layout_layer_cave, old_standard_altar,
          serial_shops, nicolae_square_shop, nicolae_shop_mannequins, shop
Temple:   sentei_temple_godly_chess
Lair:1:   layout_roguey
Lair:2:   layout_misc_corridors, minmay_snake_entry_six_corridors
Lair:3:   layout_regular_city, elwin_shoals_entry_rocks, uniq_gastronok,
          uniq_nessos, uniq_rupert
Lair:4:   layout_hall_layers, slime_entry_1, enter_volcano_3,
          hellmonk_ghost_happy_afterlife, serial_bayou, serial_bayou_ford_a,
          serial_bayou_pond_d, serial_bayou_crossing, serial_bayou_pond_d,
          chequers_serial_rivers_room_a, chequers_serial_rivers_room_b,
          infiniplex_staircase_pool_2
Lair:5:   grunt_lair_end_beastmaster, layout_misc_corridors
Shoals:1: layout_shoals, ebering_ghost_xom
Shoals:2: layout_shoals, nicolae_shop_firing_range, uniq_ilsuiw
Shoals:3: cheibrodos_shoals_three_sisters, layout_shoals, serial_shops, shop
Shoals:4: shoals_end_simple, layout_shoals, ebering_ghost_rock_garden,
          nicolae_shoals_bring_sunscreen, uniq_roxanne
Snake:1:  layout_basic, minmay_shop_grove, grunt_megastairs_4, uniq_louise,
          uniq_aizul, uniq_asterion
Orc:1:    layout_diamond_mine, uniq_erica
Orc:2:    kennysheep_orc_mage_school, layout_caves, serial_shops,
          nicolae_shop_tiny_waterfront, shop, shop, nicolae_shop_tiny_glass,
          nicolae_orc_flooded_monolith, nicolae_orc_lost_temple, uniq_josephine

Skill      XL: |  1  2  3  4  5  6  7  8  9 10 11 12 13 14 15 16 17 18 19 |
---------------+----------------------------------------------------------+-----
Spellcasting   | 4 5 6 7 8 9 11 12 13 14 15 16 | 16.8
Fighting       | 1 3 4 5 7 9 10 11 13 14 15 16 17 18 19 | 19.0
Armour         | 1 2 4 |  4.0
Evocations     | 3 4 6 |  6.4
Stealth        | 3 4 5 6 9 10 | 10.6
Short Blades   | 2 3 5 6 7 8 9 |  9.0
Dodging        | 3 5 6 |  6.8
Long Blades    | 4 5 |  5.7
Shields        | 4 |  4.9
Maces & Flails | 3 4 |  4.7

Action                     |  1- 3 |  4- 6 |  7- 9 | 10-12 | 13-15 | 16-18 | 19-21 || total
---------------------------+-------+-------+-------+-------+-------+-------+-------++-------
  Melee: Dagger            |    17 |    90 |    54 |   131 |   178 |    15 |       ||   485
         Punch             |       |       |       |     3 |     4 |       |       ||     7
         Demon blade       |       |       |       |       |       |    27 |       ||    27
         Mace              |       |       |       |       |       |    21 |    26 ||    47
   Cast: Summon Small Mamm |    20 |    20 |    19 |    31 |    10 |     9 |     3 ||   112
         Call Imp          |     4 |     8 |     7 |    18 |     5 |     4 |     1 ||    47
         Call Canine Famil |       |    16 |    15 |    33 |    26 |    22 |     6 ||   118
         Summon Lightning  |       |    28 |    31 |    76 |    98 |    56 |    28 ||   317
         Summon Guardian G |       |     7 |     9 |    31 |    17 |    16 |    10 ||    90
         Necrotise         |       |     2 |       |       |     1 |       |     1 ||     4
         Scorch            |       |     1 |     2 |     3 |       |   151 |    60 ||   217
         Searing Ray       |       |       |    12 |     8 |    37 |     4 |       ||    61
         Petrify           |       |       |     1 |     8 |     4 |     2 |       ||    15
         Iskenderun's Myst |       |       |       |    21 |    70 |    59 |    20 ||   170
         Freezing Cloud    |       |       |       |       |   114 |   126 |    40 ||   280
         Death Channel     |       |       |       |       |       |    36 |    19 ||    55
         Monstrous Menager |       |       |       |       |       |       |    17 ||    17
 Invoke: Curse Item        |       |       |     1 |     2 |     4 |     1 |     1 ||     9
         Shatter the Chain |       |       |       |       |     1 |       |       ||     1
  Evoke: Wand              |       |       |       |     1 |       |       |       ||     1
    Use: Scroll            |       |       |       |     5 |     5 |     5 |     3 ||    18
         Potion            |       |       |       |     3 |     2 |     4 |     5 ||    14
   Stab: Distracted        |       |     1 |       |     3 |     3 |     4 |       ||    11
         Sleeping          |       |     1 |       |       |       |       |       ||     1
         Petrifying        |       |       |       |     1 |       |       |       ||     1
         Petrified         |       |       |       |     1 |       |       |       ||     1
 Armour: Robe              |     2 |    15 |     8 |    11 |       |       |       ||    36
         Acid dragon scale |       |       |       |     4 |       |       |       ||     4
         Troll leather arm |       |       |       |    19 |    64 |       |       ||    83
         Quicksilver drago |       |       |       |       |     8 |    63 |    13 ||    84
  Dodge: Dodged            |    22 |   134 |    64 |   132 |   197 |    85 |    30 ||   664
  Block: Kite shield       |       |       |       |       |       |   176 |    71 ||   247
         Reflection        |       |       |       |       |       |    16 |     6 ||    22
